 Dungeon Crawl Stone Soup version 0.17-a0-1397-g0eee0a3 (webtiles) character file.

151 Fluffy the Cudgeler (level 5, -3/32 HPs)
             Began as a Gargoyle Fighter on June 17, 2015.
             Killed by nerve-wracking pain
             ... invoked by Jessica
              (14 damage)
             ... on level 3 of the Dungeon.
             The game lasted 00:04:12 (1984 turns).

Fluffy the Cudgeler (Gargoyle Fighter)              Turns: 1984, Time: 00:04:13

Health: -3/32      AC: 19    Str: 23    XL:     5   Next: 33%
Magic:  5/5        EV:  5    Int:  9    God:
Gold:   81         SH: 14    Dex: 10    Spells: 0 memorised, 4 levels left

rFire  + . .     SeeInvis .     a - +0 flail
rCold  . . .     Clarity  .     t - +2 scale mail {rF+}
rNeg   + . .     SustAt   +     k - +0 large shield
rPois  ∞         Gourm    +     (no helmet)
rElec  +         Spirit   .     m - +2 cloak
rCorr  .         Warding  .     s - +0 pair of gloves
rMut   .         Stasis   .     E - +1 pair of boots
MR     .....                    f - amulet of the gourmand
Stlth  ..........               A - ring of sustain attributes
                                w - +4 ring of strength

@: not resistant to hostile enchantments, extremely unstealthy
A: negative energy resistance 1, electricity resistance, unbreathing,
petrification resistance, rot immunity, AC +4
a: no special abilities


You were on level 3 of the Dungeon.
You were not hungry.

You visited 1 branch of the dungeon, and saw 3 of its levels.

You collected 81 gold pieces.

Inventory:

Hand weapons
 a - a +0 flail (weapon)
Missiles
 q - 6 javelins of returning (quivered)
Armour
 k - a +0 large shield (worn)
 m - a +2 cloak (worn)
 s - a +0 pair of gloves (worn)
 t - a +2 scale mail of fire resistance (worn)
 E - a +1 pair of boots (worn)
Jewellery
 f - an amulet of the gourmand (around neck)
 w - a +4 ring of strength (left hand)
 A - a ring of sustain attributes (right hand)
Scrolls
 b - a scroll of teleportation {unknown}
 c - 2 scrolls of immolation {unknown}
 u - a scroll of fear {unknown}
 v - a scroll of noise {unknown}
 x - a scroll of magic mapping {unknown}
 y - a scroll of remove curse {unknown}
 B - 3 scrolls of enchant weapon {unknown}
 C - 2 scrolls of enchant armour {unknown}
 F - a scroll of amnesia {unknown}
Potions
 d - a potion of might
 g - a potion of agility {unknown}
 i - a potion of invisibility {unknown}
 j - 2 potions of heal wounds {unknown}
 n - a potion of ambrosia {unknown}
 o - a potion of flight {unknown}
 p - a potion of haste {unknown}
 r - a potion of curing {unknown}
 z - 2 potions of degeneration {unknown}
 D - a potion of resistance {unknown}
Comestibles
 e - 2 bread rations
 h - a slice of pizza
 l - 2 meat rations


   Skills:
 - Level 3.2 Fighting
 + Level 5.3 Maces & Flails
 - Level 3.2 Armour
 - Level 3.2 Shields


You had 4 spell levels left.
You didn't know any spells.

Dungeon Overview and Level Annotations

Branches:
Dungeon (3/15)

Altars:

Annotations:
D:3 Jessica, Natasha


Innate Abilities, Weirdness & Mutations

You are resistant to torment.
Your stone body is resilient (AC +4).
You are immune to poison.
You resist negative energy.
You are resistant to electric shocks.
You can survive without breathing.
You are immune to petrification.
You are immune to rotting.


Message History

Jessica points at you and mumbles some strange words.
Pain shoots through your body!
Your shield prevents you from hitting Jessica.
You block Natasha's attack. Jessica barely misses you.
You block Natasha's attack.
You hit Jessica but do no damage. You block Jessica's attack.
Natasha claws you. You block Jessica's attack.
Natasha stares at you and mumbles some strange words.
The magic dart hits you!
You hit Jessica.
Jessica is heavily wounded.
You block Jessica's attack.
You closely miss Jessica.
Jessica is heavily wounded.
You block Jessica's attack.
You closely miss Jessica.
Jessica is heavily wounded.
Jessica points at you and mumbles some strange words.
Pain shoots through your body!
You die...

##.......[(...#
##.....#.............#
.......#......)).....#
.......#...##........#
.......#...##........#
.......#...##........# ..
.......#...####.....## ..
.......#...####.....#####
......h@@.....'.....'....
.......#...####.....#####
################ #.....# #.
#...........#######.....# #.
#...................)...# #.
#...................########.
#)............).....# ......
#########.....).....# ......
#...........# ......


You could see Natasha and Jessica.

Vanquished Creatures
  Ijyb (D:2)
  Terence (D:2)
  Natasha (D:3)
  5 worms
  3 giant geckos
  An orc (D:3)
  A ball python (D:2)
  6 bats
  6 goblins
  6 hobgoblins
  7 jackals
  2 giant cockroaches
  2 giant newts
  9 kobolds
  5 rats
56 creatures vanquished.

Notes
Turn   | Place    | Note
--------------------------------------------------------------
     0 | D:1      | Fluffy the Gargoyle Fighter began the quest for the Orb.
     0 | D:1      | Reached XP level 1. HP: 14/14 MP: 1/1
   105 | D:1      | Reached XP level 2. HP: 8/19 MP: 2/2
   641 | D:2      | Noticed Ijyb
   660 | D:2      | Reached XP level 3. HP: 23/23 MP: 3/3
   680 | D:2      | Noticed Terence
   692 | D:2      | Killed Terence
   692 | D:2      | Reached skill level 4 in Maces & Flails
   726 | D:2      | Reached XP level 4. HP: 14/28 MP: 4/4
  1531 | D:2      | Killed Ijyb
  1562 | D:2      | Reached skill level 5 in Maces & Flails
  1599 | D:2      | Reached XP level 5. HP: 32/32 MP: 5/5
  1757 | D:3      | Noticed Natasha
  1768 | D:3      | Killed Natasha
  1976 | D:3      | Noticed Jessica
  1977 | D:3      | Noticed Natasha
  1984 | D:3      | Killed from afar by Jessica

Vault maps used:
D:1:      dpeg_arrival_round_a, minmay_splitting_lines
D:2:      wad_river_or_something, uniq_terence, uniq_iyjb
D:3:      nicolae_overflow_hidden_temple, uniq_natasha, uniq_jessica

Action                   |  1- 3 |  4- 6 || total
-------------------------+-------+-------++-------
Melee: Flail             |   101 |   131 ||   232
  Eat: Chunk             |       |     4 ||     4
